Map: Orbital Shipyard

Players

DeMusliM

  • Race: Terran Terran
  • League: Grandmaster

MMA - Winner!

  • Race: Terran Terran

Event: Homestory Cup XII

VOD

Have the link to the VOD?

Description

Time

  • Played on: Dec. 19, 2015, 9:23 a.m.
  • Length: 15:28

All games in this series

Show
View Real Time Build Order
Export as new Build Order

DeMusliM Terran 

Build Orders: 1/1/1, Liberator Opening, Bio Tank 

Get SALT Encoding   

  12  0:00  SCV  
  13  0:12  SCV  
  14  0:17  Supply Depot  
  14  0:25  SCV  
  14  0:27  Refinery  
  15  0:39  SCV  
  16  0:45  Barracks  
  16  0:51  SCV  
  17  1:03  SCV  
  18  1:15  SCV  
  19  1:31  Factory  
  19  1:32  Marine, Orbital Command  
  20  1:33  Supply Depot  
  20  1:50  Marine  
  21  1:57  SCV  
  21  1:59  Refinery  
  22  2:07  Supply Depot  
  22  2:08  Marine  
  23  2:11  SCV  
  24  2:16  Starport  
  24  2:18  Hellion  
  26  2:23  SCV  
  26  2:25  Marine  
  28  2:37  SCV  
  28  2:39  Supply Depot, Widow Mine  
  28  2:43  Marine  
  32  2:50  SCV  
  33  2:52  Medivac  
  35  3:01  Marine  
  35  3:02  SCV  
  35  3:05  Liberator  
  37  3:08  Hellion  
  39  3:15  SCV  
  39  3:19  Reaper  
  44  3:30  Hellion  
  44  3:31  SCV  
  47  3:39  Supply Depot  
  47  3:47  Command Center  
  47  3:52  Factory Tech Lab  
  47  3:56  Barracks Reactor  
  47  3:58  Liberator  
  47  4:04  SCV  
  41  4:32  Marine x2  
  41  4:33  Siege Tank  
  41  4:37  Command Center, SCV  
  46  4:49  SCV  
  46  4:52  Barracks  
  45  4:55  Marine x2  
  47  5:01  SCV  
  47  5:05  Siege Tank  
  51  5:14  Marine  
  51  5:15  Marine  
  51  5:16  Medivac  
  51  5:19  SCV  
  54  5:24  Orbital Command  
  54  5:34  SCV  
  50  5:36  Marine x2  
  50  5:38  Siege Tank  
  50  5:41  Barracks Tech Lab  
  55  5:46  SCV, Refinery  
  55  5:47  Refinery  
  55  5:49  Starport Reactor  
  56  5:51  SCV  
  56  5:55  Orbital Command  
  57  5:58  SCV  
  57  6:00  Marine x3  
  57  6:02  Stimpack  
  57  6:03  SCV  
  55  6:14  SCV  
  55  6:15  SCV  
  55  6:18  Marine  
  56  6:21  SCV  
  56  6:25  Marine x2  
  60  6:26  SCV  
  60  6:27  SCV  
  62  6:33  SCV  
  62  6:38  SCV  
  62  6:39  SCV  
  62  6:42  Engineering Bay x2  
  62  6:43  Siege Tank  
  62  6:45  SCV  
  66  6:48  Marine x3  
  66  6:51  SCV  
  69  6:56  SCV  
  69  6:58  SCV  
  71  7:04  SCV, Barracks  
  71  7:05  Marine  
  71  7:06  Marine  
  75  7:08  SCV, Supply Depot  
  75  7:10  SCV  
  76  7:22  SCV x2, Marine  
  77  7:25  Terran Infantry Weapons Level 1, Terran Infantry Armor Level 1, Supply Depot  
  77  7:27  Supply Depot  
  78  7:43  Barracks  
  78  7:47  SCV x2, Medivac x2, Marine  
  78  7:51  Barracks Reactor  
  85  7:52  SCV  
  85  7:53  Barracks  
  85  7:57  Barracks Reactor  
  84  8:10  Marine  
  85  8:15  Supply Depot  
  85  8:18  Supply Depot, Siege Tank, Medivac x2  
  85  8:19  Supply Depot  
  92  8:20  Armory  
  92  8:28  SCV  
  92  8:31  Barracks Reactor  
  93  8:36  SCV, Marine x4  
  93  8:40  Supply Depot  
  98  8:41  Supply Depot  
  98  8:42  Barracks Tech Lab  
  98  8:43  Barracks Tech Lab  
  98  8:45  Barracks Reactor, Missile Turret  
  98  8:54  Marine  
  97  9:04  Marine  
  97  9:05  Marine x2, Orbital Command  
  97  9:06  Marine  
  97  9:07  Siege Tank, Marine x2  
  97  9:08  Starport Reactor  
  106  9:11  Supply Depot  
  106  9:12  Marine  
  107  9:20  Terran Infantry Weapons Level 2  
  107  9:22  Marine  
  107  9:23  Marine x2  
  110  9:24  Marine  
  110  9:26  Marine  
  110  9:28  Combat Shields  
  112  9:31  SCV x2  
  112  9:32  SCV  
  112  9:38  Marine x2  
  117  9:41  Refinery, Marine x2  
  117  9:42  Refinery  
  117  9:44  Siege Tank, Medivac  
  124  9:48  Medivac  
  124  9:51  Marine x2  
  128  10:06  SCV  
  128  10:07  SCV x2  
  130  10:09  Terran Vehicle Weapons Level 1  
  130  10:12  Supply Depot  
  130  10:13  Marine  
  130  10:14  Supply Depot, Terran Infantry Armor Level 2, Marine x3  
  131  10:15  Supply Depot  
  131  10:16  Siege Tank  
  131  10:20  Supply Depot  
  136  10:31  Marine  
  136  10:32  Marine x5  
  139  10:37  Marine x2  
  139  10:40  Marine  
  139  10:42  Supply Depot  
  142  10:43  Supply Depot  
  142  10:49  Marine  
  143  10:50  Missile Turret  
  143  10:51  Missile Turret  
  143  11:09  Marine  
  143  11:10  Siege Tank, Marine x7  
  143  11:11  Medivac x2  
  158  11:21  Marine  
  151  11:36  Marine x6  
  151  11:39  Marine x3  
  153  11:41  Medivac  
  153  11:43  Siege Tank  
  123  11:54  Marine x4  
  123  11:55  Marine  
  123  11:56  Terran Infantry Weapons Level 3  
  123  11:58  Marine x2  
  130  12:07  Marine  
  131  12:09  SCV x2  
  131  12:12  Marine  
  131  12:15  Siege Tank  
  137  12:18  Marine x5  
  142  12:32  Marine x3  
  142  12:36  Marine x3  
  148  12:41  Marine  
  148  12:42  Marine  
  150  12:46  Command Center  
  150  12:47  Siege Tank  
  150  12:50  Terran Infantry Armor Level 3  
  153  12:55  Marine x2  
  155  12:58  Marine x2  
  155  13:01  Medivac  
  159  13:09  Marine  
  159  13:10  Medivac  
  159  13:11  Terran Vehicle Weapons Level 2  
  162  13:18  Marine  
  162  13:19  Siege Tank  
  151  13:26  Marine  
  148  13:35  Marine x3  
  148  13:39  Marine x4  
  145  13:43  Marine, Medivac x2  
  146  13:51  Siege Tank  
  146  13:52  Marine x2  
  146  13:53  Marine  
  150  13:59  Marine x2  
  150  14:02  Marine x2  
  129  14:08  Marine  
  120  14:10  Marine x2  
  120  14:17  Marine x2  
  120  14:20  Marine  
  120  14:21  Marine x2  
  120  14:23  Siege Tank  
  128  14:26  Marine  
  128  14:28  Marine  
  128  14:35  Marine  
  128  14:36  Marine x2  
  131  14:41  Planetary Fortress  
  117  14:55  Siege Tank  
  115  15:06  Marine  
  115  15:07  Marine x4  
Show
View Real Time Build Order
Export as new Build Order

MMA Terran - Winner!

Build Orders: Bio Tank 

Get SALT Encoding   

  12  0:00  SCV  
  13  0:12  SCV  
  14  0:17  Supply Depot  
  14  0:24  SCV  
  15  0:39  SCV  
  15  0:40  Barracks  
  16  0:43  Refinery  
  16  0:51  SCV  
  17  0:58  Barracks  
  17  1:03  SCV  
  18  1:15  SCV  
  19  1:27  Reaper, Orbital Command  
  19  1:30  Refinery  
  20  1:38  Supply Depot  
  20  1:45  Reaper  
  21  1:53  SCV  
  22  2:00  Reaper  
  23  2:05  SCV  
  24  2:17  SCV  
  24  2:22  Factory  
  25  2:29  SCV  
  26  2:39  Command Center  
  26  2:44  SCV  
  26  2:46  Barracks Reactor  
  26  2:47  Barracks Tech Lab  
  27  2:56  SCV  
  28  3:07  Marine  
  28  3:08  SCV  
  28  3:09  Factory Tech Lab, Starport  
  30  3:17  Stimpack  
  30  3:21  Supply Depot, SCV  
  31  3:42  Marine x2  
  31  3:43  Cyclone  
  31  3:45  SCV  
  37  3:51  Marine  
  37  3:54  Orbital Command  
  38  4:00  Marine x2  
  38  4:01  Viking  
  42  4:08  SCV  
  42  4:11  Marine  
  43  4:18  Marine  
  43  4:19  SCV  
  43  4:21  SCV  
  42  4:28  Siege Tank  
  45  4:33  SCV  
  45  4:36  SCV  
  47  4:40  Medivac  
  47  4:45  SCV  
  50  4:46  Marine x2  
  50  4:52  SCV  
  50  4:56  Marine  
  50  4:57  SCV  
  51  5:04  Marine x2  
  51  5:06  Supply Depot  
  53  5:10  Supply Depot  
  53  5:11  SCV  
  54  5:27  SCV, Medivac, Marine x3  
  60  5:30  Supply Depot  
  60  5:33  Refinery  
  60  5:34  Engineering Bay  
  60  5:35  SCV  
  59  5:39  SCV  
  59  5:41  Combat Shields  
  60  5:45  Marine x2  
  60  5:47  SCV  
  63  5:50  Marine  
  63  5:51  SCV  
  65  5:57  Medivac  
  65  5:58  Supply Depot  
  65  5:59  SCV  
  65  6:04  SCV  
  69  6:10  Marine x2  
  70  6:12  SCV  
  70  6:14  Siege Tank  
  70  6:16  SCV  
  70  6:17  Terran Infantry Weapons Level 1  
  73  6:20  Supply Depot  
  73  6:21  Supply Depot  
  73  6:24  SCV  
  74  6:25  Marine  
  74  6:28  SCV, Marine  
  77  6:35  Marine  
  77  6:38  SCV  
  79  6:40  SCV  
  79  6:43  Marine  
  79  6:44  Starport Reactor  
  79  6:46  Marine  
  82  6:55  Command Center  
  82  6:58  Marine  
  82  7:00  Barracks  
  83  7:01  Marine  
  83  7:02  Barracks  
  83  7:03  Marine  
  83  7:06  Siege Tank, Barracks  
  88  7:11  SCV x2  
  90  7:16  Marine  
  90  7:19  Marine  
  90  7:21  Marine  
  91  7:25  SCV x2  
  91  7:34  Marine  
  90  7:37  Marine  
  90  7:38  Siege Tank  
  90  7:39  Marine  
  90  7:40  SCV x2  
  90  7:42  Refinery  
  97  7:45  Armory  
  97  7:46  Engineering Bay  
  97  7:49  Barracks Reactor  
  97  7:50  Barracks Reactor  
  97  7:53  Barracks Reactor  
  97  7:55  SCV x2  
  99  7:58  Marine x2  
  99  7:59  Marine  
  102  8:06  Viking x2  
  102  8:09  SCV x2, Supply Depot  
  102  8:12  Orbital Command  
  108  8:17  Marine x2  
  110  8:21  SCV  
  110  8:23  SCV  
  110  8:26  Marine x2  
  109  8:29  Siege Tank  
  109  8:33  SCV  
  110  8:35  SCV, Marine x3  
  110  8:36  Marine  
  115  8:42  Terran Infantry Weapons Level 2  
  115  8:44  Terran Infantry Armor Level 1  
  115  8:45  SCV  
  115  8:47  Marine, Terran Vehicle Weapons Level 1  
  115  8:48  Marine  
  118  8:49  Marine  
  116  8:56  Marine x4  
  116  8:57  Marine  
  124  9:11  Refinery  
  124  9:12  Supply Depot, Refinery, Medivac  
  124  9:13  Barracks Reactor, Supply Depot, Medivac  
  124  9:14  Supply Depot  
  125  9:18  Supply Depot x2  
  125  9:34  SCV x3, Marine x5  
  125  9:35  Supply Depot, Siege Tank, Marine x3  
  125  9:36  Supply Depot  
  125  9:37  Supply Depot  
  139  9:42  Medivac  
  141  9:46  SCV x2  
  141  9:48  Medivac  
  141  9:51  Marine x5  
  141  9:52  Factory, Marine  
  149  10:07  Marine x3  
  149  10:08  Marine  
  149  10:09  Marine x3  
  149  10:11  Siege Tank  
  149  10:12  Medivac  
  161  10:17  Barracks  
  161  10:18  Barracks  
  161  10:19  Supply Depot  
  161  10:21  Medivac  
  161  10:22  Supply Depot, Marine  
  161  10:23  Marine  
  161  10:24  Marine  
  166  10:32  Marine x2  
  166  10:34  Marine x2  
  166  10:35  Marine  
  168  10:38  Siege Tank  
  168  10:42  Medivac  
  173  10:43  Siege Tank  
  173  10:45  Terran Infantry Armor Level 2  
  176  10:53  Marine x4  
  176  10:55  Marine x3  
  183  11:06  Marine  
  183  11:08  Barracks Reactor  
  183  11:09  Barracks Reactor  
  183  11:10  Command Center, Siege Tank  
  187  11:12  Medivac  
  186  11:32  Terran Infantry Weapons Level 3  
  186  11:39  Marine x6  
  178  11:44  Marine x2  
  158  11:47  Marine x2  
  158  11:48  Marine  
  158  11:51  Siege Tank, Marine x2  
  134  11:57  Marine x6  
  134  11:58  Siege Tank, Medivac x2  
  145  12:03  Marine  
  145  12:04  Marine x2  
  145  12:05  Terran Vehicle Weapons Level 2, Marine  
  148  12:12  Marine  
  148  12:13  Marine  
  150  12:22  Sensor Tower  
  150  12:24  Siege Tank, Marine  
  150  12:25  Marine  
  150  12:26  Marine x2  
  150  12:28  Marine x2  
  159  12:30  Siege Tank  
  159  12:36  Marine x2  
  164  12:41  Marine x3  
  164  12:42  Marine  
  164  12:43  Missile Turret  
  168  12:48  Missile Turret  
  167  12:56  Siege Tank  
  168  13:02  Siege Tank  
  171  13:10  Marine x8  
  179  13:12  Marine  
  179  13:13  Marine  
  179  13:19  Marine x2  
  180  13:20  Marine  
  180  13:24  Marine  
  182  13:28  Siege Tank, Marine x4  
  182  13:31  Marine x3  
  182  13:32  Marine  
  185  13:34  Siege Tank  
  185  13:35  Marine x2  
  185  13:37  Marine x2  
  185  13:41  Marine x2  
  160  13:46  Marine x4  
  154  13:49  Marine x2  
  154  13:50  Marine x2  
  154  13:53  Marine x2  
  154  13:55  Marine x2  
  162  13:59  Marine x2  
  162  14:02  Medivac  
  147  14:03  Marine  
  147  14:07  Marine x2  
  147  14:08  Marine  
  144  14:12  Planetary Fortress  
  146  14:17  Siege Tank  
  146  14:30  Marine x2  
  148  14:35  Marine x2  
  148  14:36  Marine x5  
  155  14:38  Marine  
  155  14:39  Marine  
  155  14:40  Siege Tank  
  155  14:44  Marine  
  155  14:45  Marine x2  
  149  14:55  Siege Tank  
  149  14:56  Marine x6  
  149  14:58  Marine  
  152  15:00  Marine x2  
  152  15:06  Marine  
Tags
 
Add a new tag
Caveats
  • Supply blocks, unpowered buildings, or Contaminate may cause inaccurate times.
  • Supply counts are checked every 10 seconds.